Map: Overgrowth LE (Void)

Players

Musumeci - Winner!

  • Race: Zerg Zerg
  • League: Diamond
  • Spawn Location: 7:00

Lutrax

  • Race: Terran Terran
  • League: Diamond
  • Spawn Location: 1:00

VOD

Have the link to the VOD?

Description

Time

  • Played on: Jan. 8, 2017, 9:08 a.m.
  • Length: 10:04
Show
View Real Time Build Order
Export as new Build Order

Musumeci Zerg - Winner!

Build Orders: Hatch First 

Get SALT Encoding   

  12  0:00  Drone  
  13  0:08  Drone  
  13  0:13  Extractor  
  13  0:15  Drone  
  15  0:41  Hatchery  
  14  0:47  Extractor  
  14  0:48  Drone  
  15  1:01  Spawning Pool  
  14  1:13  Drone x2, Extractor x2  
  14  1:18  Overlord  
  16  1:37  Drone x2  
  18  1:46  Drone  
  19  1:49  Queen  
  19  1:52  Queen  
  24  1:54  Drone  
  24  1:58  Drone  
  25  2:04  Drone  
  25  2:07  Overlord  
  26  2:10  Extractor  
  26  2:14  Drone  
  26  2:17  Drone  
  28  2:30  Drone, Extractor  
  28  2:31  Drone  
  28  2:35  Queen x2  
  33  2:41  Drone  
  35  2:53  Drone  
  36  3:07  Overlord  
  36  3:08  Overlord  
  36  3:25  Drone  
  36  3:26  Drone x7  
  44  3:38  Extractor x2  
  44  3:40  Roach Warren  
  41  3:45  Drone  
  41  3:46  Drone x6  
  48  3:50  Evolution Chamber  
  48  3:51  Drone x3  
  48  3:52  Evolution Chamber  
  49  3:56  Hatchery  
  48  4:05  Drone x4  
  52  4:10  Extractor  
  51  4:25  Overlord x3  
  51  4:30  Drone  
  52  4:34  Lair  
  52  4:46  Roach x6, Spore Crawler  
  52  4:47  Spore Crawler  
  52  4:49  Spore Crawler  
  52  4:50  Spore Crawler  
  52  4:51  Roach  
  62  4:53  Extractor  
  62  4:57  Drone  
  62  4:58  Drone x2  
  62  4:59  Drone  
  65  5:00  Drone  
  65  5:01  Drone  
  67  5:08  Roach x2  
  71  5:19  Zerg Missile Weapons Level 1  
  71  5:32  Overlord  
  71  5:35  Glial Reconstitution  
  71  5:37  Zerg Ground Armor Level 1  
  71  5:38  Roach x3  
  71  5:40  Drone  
  71  5:41  Drone x4  
  82  5:48  Overlord x3  
  82  5:55  Extractor  
  81  6:19  Roach x4  
  89  6:28  Roach  
  89  6:29  Roach x10  
  89  6:31  Ravager  
  110  6:44  Ravager  
  103  6:55  Ravager  
  103  6:57  Ravager x2  
  103  7:00  Overseer  
  106  7:10  Spore Crawler  
  102  7:25  Drone x12  
  102  7:28  Extractor  
  114  7:30  Ravager  
  114  7:34  Overlord x6  
  114  8:00  Ravager x5  
  114  8:01  Roach, Ravager x5  
  126  8:14  Roach  
  126  8:15  Roach x8  
  144  8:22  Hatchery  
  144  8:27  Roach x5  
  145  9:01  Roach x2  
  145  9:02  Overlord  
  145  9:03  Overlord x3  
  145  9:20  Ravager  
  145  9:21  Ravager x11  
  145  9:23  Roach  
Show
View Real Time Build Order
Export as new Build Order

Lutrax Terran 

Build Orders: Reaper Expand, MMM Bio 

Get SALT Encoding   

  12  0:01  SCV  
  13  0:13  SCV  
  14  0:17  Supply Depot  
  14  0:25  SCV  
  15  0:39  SCV  
  16  0:45  Barracks  
  16  0:48  Refinery  
  16  0:51  SCV  
  17  1:03  SCV  
  18  1:15  SCV  
  19  1:31  Orbital Command  
  19  1:32  Reaper  
  20  1:39  Command Center  
  20  1:57  SCV  
  20  1:58  Barracks  
  21  2:05  Barracks Reactor  
  21  2:08  Supply Depot  
  21  2:15  SCV  
  22  2:27  SCV  
  23  2:39  SCV, Factory  
  23  2:41  Marine  
  23  2:42  Marine  
  26  2:47  Barracks Tech Lab  
  26  2:56  Orbital Command  
  26  2:59  Refinery, Marine x2  
  28  3:08  SCV  
  29  3:13  Stimpack  
  29  3:19  Marine x2  
  31  3:22  Marine  
  32  3:36  Marine  
  32  3:37  Marine  
  32  3:38  Starport  
  32  3:40  Marine  
  34  3:42  SCV  
  34  3:46  SCV  
  36  3:54  Marine x2, Supply Depot  
  38  3:55  Factory Reactor  
  38  3:56  SCV  
  38  3:59  Marine  
  40  4:11  SCV x2  
  40  4:12  Marine x2  
  44  4:17  Marine  
  44  4:23  SCV x2, Supply Depot  
  47  4:30  Marine x2  
  49  4:35  SCV x2, Marine  
  49  4:38  Engineering Bay  
  52  4:39  Medivac  
  52  4:40  Engineering Bay  
  52  4:44  Medivac  
  56  4:47  Supply Depot  
  56  4:48  Widow Mine, Marine x2  
  56  4:51  SCV  
  61  4:53  Marine  
  61  4:57  Supply Depot  
  62  5:08  SCV, Marine x2  
  62  5:09  Supply Depot  
  62  5:11  Marine  
  66  5:16  Medivac  
  68  5:26  Marine x2  
  70  5:29  Terran Infantry Armor Level 1, Terran Infantry Weapons Level 1  
  70  5:36  SCV, Command Center  
  70  5:37  SCV  
  72  5:44  Bunker  
  72  5:45  Marine x2  
  72  5:48  SCV  
  75  6:01  Marine  
  75  6:03  Marine x2  
  78  6:08  SCV x2  
  78  6:11  Supply Depot  
  80  6:18  Supply Depot  
  80  6:19  Barracks x2, Marine  
  80  6:20  SCV x2  
  80  6:21  Marine x2  
  84  6:36  Marine  
  84  6:39  Marine x2  
  78  6:54  Marine  
  78  6:56  Marine  
  78  6:57  Marine  
  78  6:59  Refinery  
  78  7:00  Orbital Command  
  79  7:04  Refinery  
  79  7:05  Armory  
  79  7:14  Marine x2  
  78  7:18  Barracks Tech Lab  
  78  7:19  Factory Tech Lab  
  78  7:20  Barracks Reactor, Combat Shields  
  78  7:26  Marauder  
  78  7:28  Orbital Command  
  79  7:32  Marine x2  
  79  7:35  Medivac x2  
  85  7:47  Marauder  
  85  7:50  Marine x3  
  85  7:51  Siege Tank  
  93  8:02  Marine x2  
  93  8:05  SCV x2  
  97  8:07  Marine  
  97  8:08  Marine x3  
  97  8:09  SCV  
  102  8:17  SCV x2  
  104  8:20  Marine x2  
  104  8:21  SCV  
  104  8:22  Supply Depot  
  104  8:25  Marine  
  104  8:26  Marine x3  
  111  8:29  SCV x2  
  111  8:32  Barracks  
  113  8:36  Barracks  
  113  8:37  Siege Tank  
  113  8:38  Marine  
  113  8:39  Concussive Shells  
  113  8:41  Marine  
  117  8:43  Marine  
  117  8:44  Supply Depot  
  109  8:54  Marine x2  
  109  8:55  Marauder, Marine  
  105  8:59  Marine  
  105  9:01  Marauder  
  106  9:07  Supply Depot  
  106  9:12  Marine x2  
  106  9:13  Marine  
  106  9:16  Marauder  
  111  9:27  Marine x3  
  111  9:29  Unknown  
  113  9:43  Command Center  
Tags
 
Add a new tag
Caveats
  • Supply blocks, unpowered buildings, or Contaminate may cause inaccurate times.
  • Supply counts are checked every 10 seconds.